AoeStats
← Checkmate

Arabia

509996180Analyzed
2v2 RM · 3d ago on Sep 29, 2026· 42m 22s· 4 players
Game mode
Random Map
Map size
Medium (4 player)
Population
200
Speed
Normal
Resources
Standard
Victory
Conquest
Starting age
Dark Age
Ending age
Imperial Age
RankedLock teamsTeams togetherTeam positionsShared explorationLock speedFull tech treeHidden civsTurbo modeCheats
Victory
Defeat
🇦🇷 Ethiopians · Argentina
688
+18
🇦🇷 Turks · Argentina
672
+18
🇵🇹 Persians · Portugal
727
-18
🇵🇹 Vietnamese · Portugal
726
-18
Checkmate
0:26 Loom
10:18 Feudal Age
10:56 Double-Bit Axe
18:56 Wheelbarrow
21:23 Castle Age
19:29 Fletching
21:27 Padded Archer Armor
22:01 Stone Mining
22:29 Bow Saw
22:04 Horse Collar
23:41 Forging
23:42 Crossbowman
28:17 Hand Cart
27:59 Gold Mining
31:47 Stone Shaft Mining
32:41 Squires
34:06 Ballistics
33:42 Murder Holes
33:46 Bodkin Arrow
34:06 Leather Archer Armor
36:47 Imperial Age
36:21 Scale Mail Armor
37:33 Thumb Ring
37:58 Arbalester
40:43 Elite Shotel Warrior
41:55 Halberdier
goPales
10:07 Feudal Age
9:42 Loom
21:07 Castle Age
19:11 Double-Bit Axe
20:58 Horse Collar
25:35 Wheelbarrow
27:26 Bloodlines
28:46 Hand Cart
32:16 Scale Barding Armor
32:02 Fletching
32:20 Gold Mining
39:55 Imperial Age
38:07 Bodkin Arrow
38:13 Padded Archer Armor
38:33 Chain Barding Armor
42:01 Husbandry
41:57 Elite Janissary
sal6ado
11:23 Feudal Age
12:09 Loom
14:15 Double-Bit Axe
14:13 Horse Collar
19:35 Wheelbarrow
21:28 Castle Age
21:39 Forging
21:36 Scale Barding Armor
22:42 Husbandry
22:53 Bloodlines
23:31 Bow Saw
23:52 Heavy Plow
Sync
8:14 Loom
11:39 Feudal Age
14:59 Gold Mining
19:54 Wheelbarrow
19:07 Double-Bit Axe
21:02 Horse Collar
23:20 Man-at-Arms
27:14 Stone Mining
31:45 Fletching
31:56 Padded Archer Armor
34:48 Forging
34:38 Scale Mail Armor
34:43 Scale Barding Armor
Connection lost

Rejoining the realm…

Still unreachable

The connection could not be restored.

Session expired

The server has moved on; the page needs a fresh start.